3008 views
Uploaded 2020-02-02 15:07:51
Game version 1.32 / 1.32.1
26:37 long 4on4 ladder game on (8)MarketSquare
Saved by BEARAND
3008 views
Uploaded 2020-02-02 15:07:51
Game version 1.32 / 1.32.1
26:37 long 4on4 ladder game on (8)MarketSquare


89 units @ 9.2k
/ 0.8k
205 buildings @ 15.5k
/ 8.6k



| Staff of Sanctuary | 1 | 250 |
| Boots of Speed | 3 | 750 |
| Staff of Teleportation | 3 | 450 |
| Healing Salve | 1 | 100 |
| Orb of Corruption | 1 | 375 |
| Orb of Lightning | 1 | 375 |
| total: | 10 | 2300g |
| Peasant | 17 | 1275 | / | 0 |
| Priest | 2 | 270 | / | 20 |
| Dragonhawk Rider | 1 | 200 | / | 30 |
| Gryphon Rider | 3 | 840 | / | 210 |
| total: | 23 | 2585g | / | 260w |
| Scout Tower | 69 | 2070 | / | 1380 |
| Arcane Tower | 11 | 770 | / | 550 |
| Guard Tower | 31 | 2170 | / | 1550 |
| Altar of Kings | 1 | 180 | / | 50 |
| Farm | 4 | 320 | / | 80 |
| Lumber Mill | 1 | 120 | / | 0 |
| Town Hall | 1 | 385 | / | 205 |
| Arcane Vault | 2 | 260 | / | 60 |
| Arcane Sanctum | 1 | 150 | / | 140 |
| Gryphon Aviary | 1 | 140 | / | 150 |
| Keep | 1 | 320 | / | 210 |
| Castle | 2 | 720 | / | 420 |
| total: | 80 | 3625g | / | 2065w |
| 0:01 | Peasant |
| 0:01 | Peasant |
| 0:10 | Altar of Kings |
| 0:19 | Farm |
| 0:24 | Peasant |
| 0:32 | Scout Tower |
| 0:33 | Peasant |
| 0:37 | Peasant |
| 0:50 | Peasant |
| 1:00 | Farm |
| 1:03 | Lumber Mill |
| 1:09 | Peasant |
| 1:21 | Scout Tower |
| 1:22 | Scout Tower |
| 1:26 | Peasant |
| 1:29 | Peasant |
| 1:47 | Peasant |
| 1:48 | Peasant |
| 1:58 | Scout Tower |
| 2:00 | Scout Tower |
| 2:02 | Arcane Tower |
| 2:10 | Blizzard |
| 2:17 | Guard Tower |
| 2:18 | Scout Tower |
| 2:28 | Arcane Tower |
| 2:40 | Scout Tower |
| 2:45 | Peasant |
| 2:50 | Scout Tower |
| 2:52 | Scout Tower |
| 2:56 | Guard Tower |
| 2:58 | Guard Tower |
| 3:00 | Peasant |
| 3:01 | Peasant |
| 3:10 | Guard Tower |
| 3:11 | Scout Tower |
| 3:13 | Healing Salve |
| 3:22 | Guard Tower |
| 3:24 | Scout Tower |
| 3:27 | Scout Tower |
| 3:33 | Scout Tower |
| 3:40 | Scout Tower |
| 3:51 | Guard Tower |
| 3:52 | Keep |
| 3:58 | Guard Tower |
| 4:00 | Scout Tower |
| 4:01 | Scout Tower |
| 4:03 | Brilliance Aura |
| 4:20 | Guard Tower |
| 4:21 | Scout Tower |
| 4:23 | Scout Tower |
| 4:23 | Scout Tower |
| 4:24 | Scout Tower |
| 4:25 | Scout Tower |
| 4:28 | Farm |
| 5:03 | Boots of Speed |
| 5:03 | Staff of Teleportation |
| 5:06 | Guard Tower |
| 5:07 | Arcane Tower |
| 5:08 | Guard Tower |
| 5:10 | Arcane Tower |
| 5:22 | Farm |
| 5:22 | Improved Masonry |
| 6:21 | Arcane Sanctum |
| 6:29 | Town Hall |
| 6:34 | Blizzard |
| 6:38 | Scout Tower |
| 6:39 | Scout Tower |
| 6:39 | Scout Tower |
| 6:40 | Scout Tower |
| 6:40 | Scout Tower |
| 6:41 | Scout Tower |
| 6:41 | Scout Tower |
| 6:42 | Scout Tower |
| 6:43 | Improved Lumber Harvesting |
| 6:59 | Magic Sentry |
| 6:59 | Priest |
| 7:01 | Priest Adept Training |
| 7:38 | Arcane Tower |
| 7:41 | Peasant |
| 7:41 | Peasant |
| 8:06 | Storm Bolt |
| 8:49 | Guard Tower |
| 8:50 | Scout Tower |
| 8:51 | Scout Tower |
| 9:14 | Scout Tower |
| 9:15 | Scout Tower |
| 9:15 | Scout Tower |
| 9:16 | Scout Tower |
| 9:17 | Scout Tower |
| 9:26 | Guard Tower |
| 9:26 | Guard Tower |
| 9:27 | Guard Tower |
| 9:35 | Guard Tower |
| 9:37 | Scout Tower |
| 9:37 | Scout Tower |
| 9:44 | Arcane Tower |
| 9:45 | Guard Tower |
| 9:49 | Scout Tower |
| 9:50 | Scout Tower |
| 9:53 | Scout Tower |
| 9:59 | Advanced Masonry |
| 10:02 | Guard Tower |
| 10:04 | Scout Tower |
| 10:04 | Scout Tower |
| 10:05 | Scout Tower |
| 10:06 | Scout Tower |
| 10:07 | Priest |
| 10:11 | Guard Tower |
| 10:12 | Scout Tower |
| 10:13 | Scout Tower |
| 10:13 | Scout Tower |
| 10:14 | Scout Tower |
| 10:14 | Scout Tower |
| 10:20 | Arcane Tower |
| 10:27 | Peasant |
| 10:51 | Castle |
| 11:07 | Orb of Corruption |
| 11:12 | Arcane Tower |
| 11:37 | Brilliance Aura |
| 11:41 | Arcane Tower |
| 11:43 | Scout Tower |
| 11:44 | Scout Tower |
| 11:44 | Scout Tower |
| 11:44 | Scout Tower |
| 12:04 | Guard Tower |
| 12:05 | Guard Tower |
| 12:06 | Arcane Tower |
| 12:12 | Guard Tower |
| 12:20 | Boots of Speed |
| 12:20 | Staff of Teleportation |
| 12:20 | Boots of Speed |
| 12:40 | Guard Tower |
| 12:43 | Scout Tower |
| 12:44 | Scout Tower |
| 12:56 | Scout Tower |
| 12:56 | Scout Tower |
| 12:57 | Scout Tower |
| 12:58 | Scout Tower |
| 12:58 | Scout Tower |
| 13:01 | Scout Tower |
| 13:01 | Scout Tower |
| 13:02 | Scout Tower |
| 13:03 | Scout Tower |
| 13:04 | Scout Tower |
| 13:05 | Scout Tower |
| 13:08 | Guard Tower |
| 13:28 | Arcane Vault |
| 13:31 | Arcane Vault |
| 13:44 | Bash |
| 13:58 | Gryphon Aviary |
| 14:00 | Advanced Lumber Harvesting |
| 14:01 | Imbued Masonry |
| 14:19 | Guard Tower |
| 14:20 | Guard Tower |
| 14:24 | Holy Light |
| 14:28 | Orb of Lightning |
| 14:42 | Staff of Sanctuary |
| 15:14 | Staff of Teleportation |
| 15:42 | Guard Tower |
| 15:44 | Scout Tower |
| 15:45 | Scout Tower |
| 16:50 | Divine Shield |
| 17:59 | Storm Bolt |
| 21:32 | Blizzard |
| 21:51 | Holy Light |
| 22:11 | Guard Tower |
| 22:12 | Guard Tower |
| 25:36 | Dragonhawk Rider |
| 25:37 | Gryphon Rider |
| 25:38 | Gryphon Rider |
| 25:38 | Gryphon Rider |
| Right click | 2059 |
| Chat | 541 |
| Select | 489 |
| Select group | 313 |
| Build/train/purchase | 131 |
| Use ability | 85 |
| Misc. action | 19 |
| Assign group | 11 |
| Minimap ping | 8 |
| Remove unit | 5 |
| Item give/drop | 3 |


| Healing Salve | 1 | 100 |
| Orb of Lightning | 1 | 375 |
| Boots of Speed | 2 | 500 |
| Staff of Teleportation | 2 | 300 |
| total: | 6 | 1275g |
| Peon | 17 | 1275 | / | 0 |
| Troll Batrider | 9 | 1440 | / | 360 |
| total: | 26 | 2715g | / | 360w |
| Watch Tower | 35 | 3850 | / | 2800 |
| Altar of Storms | 1 | 180 | / | 50 |
| Orc Burrow | 3 | 480 | / | 120 |
| War Mill | 1 | 205 | / | 0 |
| Voodoo Lounge | 4 | 520 | / | 120 |
| Great Hall | 1 | 385 | / | 185 |
| Beastiary | 6 | 870 | / | 840 |
| Stronghold | 1 | 315 | / | 190 |
| Fortress | 1 | 325 | / | 190 |
| total: | 51 | 6490g | / | 4115w |
| 0:02 | Peon |
| 0:02 | Peon |
| 0:06 | Altar of Storms |
| 0:13 | Peon |
| 0:18 | Orc Burrow |
| 0:35 | Peon |
| 0:48 | War Mill |
| 0:53 | Peon |
| 1:07 | Voodoo Lounge |
| 1:16 | Peon |
| 1:27 | Peon |
| 1:40 | Orc Burrow |
| 1:48 | Peon |
| 2:05 | Watch Tower |
| 2:08 | Wind Walk |
| 2:14 | Healing Salve |
| 2:19 | Peon |
| 2:33 | Peon |
| 2:35 | Watch Tower |
| 2:42 | Peon |
| 3:00 | Peon |
| 3:08 | Watch Tower |
| 3:33 | Stronghold |
| 3:46 | Boots of Speed |
| 3:50 | Staff of Teleportation |
| 4:11 | Watch Tower |
| 4:21 | Watch Tower |
| 4:36 | Watch Tower |
| 4:58 | Watch Tower |
| 5:17 | Watch Tower |
| 5:29 | Orc Burrow |
| 5:42 | Critical Strike |
| 5:47 | Watch Tower |
| 6:13 | Beastiary |
| 6:18 | Reinforced Defenses |
| 6:18 | Spiked Barricades |
| 6:42 | Watch Tower |
| 6:58 | Hex |
| 7:28 | Fortress |
| 7:33 | Voodoo Lounge |
| 7:37 | Voodoo Lounge |
| 7:40 | Voodoo Lounge |
| 8:07 | Wind Walk |
| 8:41 | Watch Tower |
| 8:44 | Watch Tower |
| 9:39 | Beastiary |
| 9:42 | Troll Batrider |
| 10:15 | Peon |
| 10:17 | Watch Tower |
| 10:26 | Troll Batrider |
| 10:46 | Great Hall |
| 10:51 | Orb of Lightning |
| 11:00 | Liquid Fire |
| 11:20 | Boots of Speed |
| 11:20 | Staff of Teleportation |
| 11:30 | Healing Wave |
| 11:39 | Beastiary |
| 11:51 | Watch Tower |
| 12:01 | Watch Tower |
| 12:17 | Troll Batrider |
| 12:42 | Troll Batrider |
| 13:12 | Watch Tower |
| 13:17 | Troll Batrider |
| 13:18 | Troll Batrider |
| 13:28 | Watch Tower |
| 13:31 | Watch Tower |
| 13:34 | Watch Tower |
| 13:47 | Watch Tower |
| 14:10 | Peon |
| 14:10 | Peon |
| 14:10 | Peon |
| 14:10 | Peon |
| 14:14 | Watch Tower |
| 14:33 | Critical Strike |
| 14:39 | Watch Tower |
| 15:03 | Troll Batrider |
| 15:12 | Healing Wave |
| 15:40 | Watch Tower |
| 15:44 | Beastiary |
| 15:46 | Beastiary |
| 15:58 | Watch Tower |
| 16:04 | Watch Tower |
| 16:13 | Troll Batrider |
| 16:16 | Steel Ranged Weapons |
| 16:16 | Steel Armor |
| 16:16 | Improved Spiked Barricades |
| 16:40 | Troll Batrider |
| 16:44 | Watch Tower |
| 17:07 | Watch Tower |
| 17:09 | Watch Tower |
| 18:06 | Beastiary |
| 18:16 | Watch Tower |
| 19:02 | Thorium Ranged Weapons |
| 19:27 | Watch Tower |
| 19:41 | Wind Walk |
| 19:45 | Hex |
| 20:49 | Arcanite Ranged Weapons |
| 21:01 | Watch Tower |
| 22:05 | Watch Tower |
| 23:24 | Watch Tower |
| 24:35 | Watch Tower |
| 25:44 | Watch Tower |
| Right click | 1364 |
| Chat | 472 |
| Select group | 428 |
| Select | 412 |
| Misc. action | 154 |
| Build/train/purchase | 75 |
| Use ability | 48 |
| Assign group | 12 |
| Minimap ping | 7 |
| Resource trade | 5 |
| Item give/drop | 4 |
| Esc | 1 |



| Staff of Sanctuary | 1 | 250 |
| Boots of Speed | 2 | 500 |
| Staff of Teleportation | 2 | 300 |
| Orb of Lightning | 1 | 375 |
| total: | 6 | 1425g |
| Peasant | 19 | 1425 | / | 0 |
| Priest | 2 | 270 | / | 20 |
| total: | 21 | 1695g | / | 20w |
| Scout Tower | 47 | 1410 | / | 940 |
| Arcane Tower | 6 | 420 | / | 300 |
| Guard Tower | 26 | 1820 | / | 1300 |
| Altar of Kings | 1 | 180 | / | 50 |
| Farm | 3 | 240 | / | 60 |
| Lumber Mill | 1 | 120 | / | 0 |
| Town Hall | 1 | 385 | / | 205 |
| Arcane Vault | 3 | 390 | / | 90 |
| Arcane Sanctum | 1 | 150 | / | 140 |
| Keep | 1 | 320 | / | 210 |
| Castle | 1 | 360 | / | 210 |
| total: | 57 | 2875g | / | 1485w |
| 0:03 | Peasant |
| 0:05 | Altar of Kings |
| 0:06 | Peasant |
| 0:09 | Farm |
| 0:31 | Peasant |
| 0:34 | Lumber Mill |
| 0:41 | Farm |
| 0:46 | Peasant |
| 0:58 | Peasant |
| 1:13 | Scout Tower |
| 1:14 | Peasant |
| 1:16 | Scout Tower |
| 1:20 | Peasant |
| 1:24 | Peasant |
| 1:29 | Peasant |
| 1:38 | Arcane Tower |
| 1:50 | Peasant |
| 1:58 | Arcane Tower |
| 2:08 | Storm Bolt |
| 2:15 | Scout Tower |
| 2:18 | Peasant |
| 2:37 | Peasant |
| 2:44 | Guard Tower |
| 2:44 | Scout Tower |
| 2:53 | Peasant |
| 3:11 | Guard Tower |
| 3:12 | Scout Tower |
| 3:13 | Scout Tower |
| 3:15 | Peasant |
| 3:16 | Improved Masonry |
| 3:57 | Keep |
| 4:03 | Guard Tower |
| 4:11 | Scout Tower |
| 4:20 | Guard Tower |
| 4:40 | Bash |
| 5:29 | Town Hall |
| 5:33 | Scout Tower |
| 5:55 | Farm |
| 6:09 | Arcane Tower |
| 6:10 | Scout Tower |
| 6:12 | Scout Tower |
| 6:13 | Scout Tower |
| 6:18 | Improved Lumber Harvesting |
| 6:19 | Peasant |
| 6:19 | Peasant |
| 6:23 | Guard Tower |
| 6:30 | Boots of Speed |
| 6:41 | Scout Tower |
| 6:41 | Scout Tower |
| 6:44 | Guard Tower |
| 6:47 | Scout Tower |
| 6:47 | Scout Tower |
| 6:48 | Scout Tower |
| 6:49 | Scout Tower |
| 7:04 | Storm Bolt |
| 7:16 | Advanced Masonry |
| 7:23 | Guard Tower |
| 8:01 | Holy Light |
| 8:41 | Castle |
| 8:43 | Guard Tower |
| 8:44 | Peasant |
| 8:44 | Peasant |
| 8:44 | Peasant |
| 9:17 | Guard Tower |
| 9:18 | Scout Tower |
| 9:19 | Scout Tower |
| 9:20 | Scout Tower |
| 9:21 | Scout Tower |
| 9:21 | Scout Tower |
| 9:22 | Scout Tower |
| 9:23 | Arcane Vault |
| 9:24 | Scout Tower |
| 9:24 | Scout Tower |
| 9:27 | Arcane Vault |
| 9:31 | Guard Tower |
| 9:32 | Scout Tower |
| 9:33 | Scout Tower |
| 9:33 | Scout Tower |
| 9:34 | Scout Tower |
| 9:41 | Boots of Speed |
| 9:41 | Staff of Teleportation |
| 10:01 | Arcane Sanctum |
| 10:03 | Staff of Teleportation |
| 10:29 | Guard Tower |
| 10:55 | Guard Tower |
| 11:27 | Scout Tower |
| 11:28 | Scout Tower |
| 11:29 | Guard Tower |
| 11:52 | Divine Shield |
| 12:01 | Arcane Tower |
| 12:03 | Scout Tower |
| 12:03 | Scout Tower |
| 12:04 | Scout Tower |
| 12:04 | Scout Tower |
| 12:06 | Arcane Tower |
| 12:07 | Guard Tower |
| 12:11 | Magic Sentry |
| 12:12 | Priest Adept Training |
| 12:12 | Priest |
| 12:22 | Imbued Masonry |
| 12:23 | Advanced Lumber Harvesting |
| 12:46 | Arcane Vault |
| 13:17 | Siphon Mana |
| 13:29 | Scout Tower |
| 13:30 | Bash |
| 13:57 | Guard Tower |
| 13:58 | Scout Tower |
| 13:59 | Scout Tower |
| 14:02 | Guard Tower |
| 14:06 | Scout Tower |
| 14:12 | Priest Master Training |
| 14:14 | Priest |
| 14:26 | Scout Tower |
| 14:46 | Orb of Lightning |
| 14:47 | Staff of Sanctuary |
| 14:58 | Guard Tower |
| 14:58 | Guard Tower |
| 16:18 | Holy Light |
| 16:46 | Scout Tower |
| 16:47 | Guard Tower |
| 17:36 | Banish |
| 17:39 | Guard Tower |
| 17:41 | Scout Tower |
| 17:41 | Scout Tower |
| 18:46 | Guard Tower |
| 18:47 | Scout Tower |
| 18:48 | Scout Tower |
| 19:24 | Guard Tower |
| 19:42 | Guard Tower |
| 19:43 | Scout Tower |
| 19:44 | Scout Tower |
| 21:07 | Guard Tower |
| 21:32 | Storm Bolt |
| 22:53 | Divine Shield |
| 22:56 | Siphon Mana |
| Right click | 1044 |
| Chat | 825 |
| Select group | 750 |
| Assign group | 472 |
| Select | 252 |
| Build/train/purchase | 102 |
| Use ability | 80 |
| Misc. action | 62 |
| Minimap ping | 2 |
| Item give/drop | 1 |



x1)
| Orb of Corruption | 3 | 1125 |
| Staff of Teleportation | 5 | 750 |
| Boots of Speed | 2 | 500 |
| Tome of Retraining | 1 | 300 |
| Staff of Sanctuary | 3 | 750 |
| total: | 14 | 3425g |
| Acolyte | 6 | 450 | / | 0 |
| Ghoul | 11 | 1320 | / | 0 |
| Abomination | 2 | 480 | / | 140 |
| total: | 19 | 2250g | / | 140w |
| Nerubian Tower | 1 | 100 | / | 20 |
| Crypt | 1 | 200 | / | 50 |
| Altar of Darkness | 1 | 180 | / | 50 |
| Ziggurat | 5 | 750 | / | 250 |
| Tomb of Relics | 6 | 780 | / | 180 |
| Graveyard | 1 | 215 | / | 0 |
| Slaughterhouse | 3 | 420 | / | 405 |
| Halls of the Dead | 1 | 320 | / | 210 |
| Black Citadel | 1 | 325 | / | 230 |
| total: | 17 | 2545g | / | 935w |
| 0:01 | Acolyte |
| 0:09 | Crypt |
| 0:16 | Altar of Darkness |
| 0:18 | Acolyte |
| 0:23 | Ziggurat |
| 0:31 | Acolyte |
| 0:32 | Acolyte |
| 1:12 | Ziggurat |
| 1:14 | Ghoul |
| 1:29 | Ghoul |
| 1:37 | Tomb of Relics |
| 1:38 | Tomb of Relics |
| 1:45 | Ghoul |
| 2:12 | Ghoul |
| 2:50 | Carrion Beetles |
| 3:02 | Ghoul |
| 3:15 | Ghoul |
| 4:01 | Ghoul |
| 4:01 | Ghoul |
| 4:22 | Acolyte |
| 4:25 | Ghoul |
| 4:36 | Halls of the Dead |
| 5:00 | Ghoul |
| 5:54 | Nerubian Tower |
| 6:09 | Spiked Carapace |
| 6:38 | Ziggurat |
| 7:01 | Ziggurat |
| 7:33 | Black Citadel |
| 8:38 | Ghoul |
| 8:41 | Impale |
| 8:44 | Death Coil |
| 9:21 | Staff of Teleportation |
| 9:21 | Boots of Speed |
| 9:33 | Tomb of Relics |
| 9:34 | Tomb of Relics |
| 9:35 | Tomb of Relics |
| 9:58 | Silence |
| 10:15 | Tomb of Relics |
| 10:31 | Orb of Corruption |
| 10:52 | Orb of Corruption |
| 11:33 | Boots of Speed |
| 11:43 | Staff of Teleportation |
| 11:43 | Staff of Teleportation |
| 11:43 | Staff of Teleportation |
| 12:32 | Orb of Corruption |
| 13:15 | Tome of Retraining |
| 13:15 | Retrain Hero |
| 13:23 | Staff of Teleportation |
| 14:21 | Graveyard |
| 14:29 | Ziggurat |
| 14:54 | Acolyte |
| 15:13 | Life Drain |
| 15:33 | Impale |
| 15:37 | Impale |
| 15:37 | Impale |
| 15:37 | Spiked Carapace |
| 15:38 | Spiked Carapace |
| 15:45 | Unholy Aura |
| 18:36 | Staff of Sanctuary |
| 18:40 | Staff of Sanctuary |
| 18:48 | Staff of Sanctuary |
| 20:15 | Silence |
| 21:17 | Slaughterhouse |
| 21:18 | Slaughterhouse |
| 21:19 | Slaughterhouse |
| 22:28 | Abomination |
| 22:30 | Abomination |
| Right click | 1137 |
| Select | 763 |
| Select group | 295 |
| Assign group | 144 |
| Build/train/purchase | 64 |
| Resource trade | 52 |
| Use ability | 38 |
| Chat | 29 |
| Minimap ping | 8 |
| Misc. action | 3 |
| Item give/drop | 2 |
163 units @ 19.3k
/ 2.5k
74 buildings @ 10.6k
/ 4.5k


| Wisp | 12 | 720 | / | 0 |
| Archer | 13 | 1690 | / | 130 |
| Hippogryph | 8 | 1280 | / | 160 |
| Glaive Thrower | 3 | 630 | / | 195 |
| total: | 36 | 4320g | / | 485w |
| Altar of Elders | 1 | 180 | / | 50 |
| Moon Well | 5 | 900 | / | 200 |
| Ancient of War | 2 | 300 | / | 120 |
| Hunter's Hall | 1 | 210 | / | 100 |
| Tree of Life | 2 | 680 | / | 370 |
| Ancient of Wind | 1 | 150 | / | 140 |
| Tree of Ages | 1 | 320 | / | 180 |
| Tree of Eternity | 1 | 330 | / | 200 |
| Scout Tower | 7 | 210 | / | 140 |
| Guard Tower | 2 | 140 | / | 100 |
| Arcane Tower | 1 | 70 | / | 50 |
| total: | 19 | 2630g | / | 1120w |
| 0:05 | Altar of Elders |
| 0:06 | Wisp |
| 0:12 | Wisp |
| 0:16 | Moon Well |
| 0:21 | Wisp |
| 0:38 | Wisp |
| 1:01 | Ancient of War |
| 1:04 | Wisp |
| 1:16 | Wisp |
| 1:24 | Wisp |
| 1:57 | Wisp |
| 2:00 | Wisp |
| 2:06 | Archer |
| 2:22 | Trueshot Aura |
| 2:23 | Wisp |
| 2:30 | Moon Well |
| 2:55 | Ancient of War |
| 3:34 | Moon Well |
| 3:36 | Archer |
| 3:57 | Archer |
| 3:58 | Archer |
| 4:04 | Archer |
| 4:07 | Wisp |
| 4:07 | Wisp |
| 4:11 | Hunter's Hall |
| 4:34 | Moon Well |
| 4:43 | Tree of Ages |
| 5:35 | Moon Well |
| 5:37 | Moon Armor |
| 5:40 | Archer |
| 5:43 | Searing Arrows |
| 6:06 | Archer |
| 6:35 | Strength of the Moon |
| 6:38 | Archer |
| 7:37 | Ancient of Wind |
| 7:39 | Improved Bows |
| 7:41 | Improved Strength of the Moon |
| 8:26 | Archer |
| 8:47 | Hippogryph |
| 9:03 | Evasion |
| 9:16 | Hippogryph |
| 9:23 | Improved Moon Armor |
| 9:39 | Hippogryph |
| 10:17 | Hippogryph |
| 10:19 | Archer |
| 10:30 | Hippogryph |
| 10:54 | Archer |
| 10:55 | Archer |
| 11:31 | Immolation |
| 11:47 | Hippogryph |
| 11:50 | Tree of Eternity |
| 12:16 | Hippogryph |
| 12:33 | Glaive Thrower |
| 12:35 | Glaive Thrower |
| 13:35 | Trueshot Aura |
| 14:00 | Archer |
| 14:02 | Hippogryph |
| 15:40 | Glaive Thrower |
| 23:40 | Scout Tower |
| 23:41 | Scout Tower |
| 23:42 | Scout Tower |
| 23:43 | Scout Tower |
| 23:46 | Scout Tower |
| 23:47 | Scout Tower |
| 23:48 | Scout Tower |
| 24:11 | Guard Tower |
| 24:15 | Guard Tower |
| 24:17 | Arcane Tower |
| 24:37 | Tree of Life |
| 25:06 | Tree of Life |
| Chat | 631 |
| Right click | 531 |
| Select | 275 |
| Build/train/purchase | 59 |
| Misc. action | 22 |
| Use ability | 5 |

| Scroll of Regeneration | 4 | 400 |
| Lesser Clarity Potion | 2 | 140 |
| Potion of Healing | 1 | 150 |
| total: | 7 | 690g |
| Peasant | 14 | 1050 | / | 0 |
| Footman | 7 | 945 | / | 0 |
| Flying Machine | 21 | 2100 | / | 630 |
| total: | 42 | 4095g | / | 630w |
| Altar of Kings | 1 | 180 | / | 50 |
| Farm | 4 | 320 | / | 80 |
| Barracks | 1 | 160 | / | 60 |
| Arcane Vault | 1 | 130 | / | 30 |
| Blacksmith | 1 | 140 | / | 60 |
| Lumber Mill | 2 | 240 | / | 0 |
| Town Hall | 2 | 770 | / | 410 |
| Workshop | 2 | 280 | / | 280 |
| Keep | 1 | 320 | / | 210 |
| Castle | 1 | 360 | / | 210 |
| total: | 14 | 2220g | / | 970w |
| 0:04 | Peasant |
| 0:11 | Altar of Kings |
| 0:19 | Farm |
| 0:22 | Peasant |
| 0:28 | Barracks |
| 0:35 | Peasant |
| 0:59 | Peasant |
| 1:09 | Farm |
| 1:28 | Footman |
| 1:28 | Footman |
| 1:28 | Footman |
| 1:46 | Arcane Vault |
| 1:53 | Footman |
| 1:57 | Peasant |
| 1:58 | Peasant |
| 2:21 | Storm Bolt |
| 2:28 | Footman |
| 2:33 | Farm |
| 3:12 | Peasant |
| 3:13 | Footman |
| 3:31 | Keep |
| 4:07 | Bash |
| 4:43 | Footman |
| 5:18 | Blacksmith |
| 5:23 | Lumber Mill |
| 5:26 | Scroll of Regeneration |
| 5:27 | Lesser Clarity Potion |
| 5:37 | Lumber Mill |
| 6:39 | Town Hall |
| 6:55 | Town Hall |
| 7:10 | Scroll of Regeneration |
| 7:11 | Lesser Clarity Potion |
| 7:14 | Storm Bolt |
| 7:15 | Scroll of Regeneration |
| 7:28 | Castle |
| 7:32 | Workshop |
| 7:35 | Improved Lumber Harvesting |
| 8:55 | Workshop |
| 9:00 | Farm |
| 9:12 | Peasant |
| 9:12 | Peasant |
| 9:25 | Flying Machine |
| 9:38 | Flying Machine |
| 10:04 | Flying Machine Bombs |
| 10:06 | Flying Machine |
| 10:15 | Peasant |
| 10:15 | Peasant |
| 10:17 | Advanced Lumber Harvesting |
| 10:28 | Flying Machine |
| 10:46 | Flying Machine |
| 10:55 | Flying Machine |
| 11:01 | Peasant |
| 11:01 | Peasant |
| 11:55 | Flak Cannons |
| 11:56 | Flying Machine |
| 12:00 | Bash |
| 12:27 | Black Gunpowder |
| 12:30 | Flying Machine |
| 12:30 | Flying Machine |
| 12:32 | Peasant |
| 12:47 | Studded Leather Armor |
| 12:51 | Flying Machine |
| 12:51 | Flying Machine |
| 12:51 | Flying Machine |
| 12:53 | Flying Machine |
| 12:53 | Flying Machine |
| 14:07 | Storm Bolt |
| 14:10 | Flying Machine |
| 14:10 | Flying Machine |
| 14:10 | Flying Machine |
| 14:10 | Flying Machine |
| 14:10 | Flying Machine |
| 14:11 | Flying Machine |
| 14:11 | Flying Machine |
| 14:20 | Refined Gunpowder |
| 14:20 | Imbued Gunpowder |
| 14:26 | Scroll of Regeneration |
| 14:33 | Potion of Healing |
| Right click | 302 |
| Select | 190 |
| Select group | 145 |
| Build/train/purchase | 77 |
| Assign group | 48 |
| Use ability | 10 |
| Misc. action | 7 |
| Minimap ping | 3 |
| Item give/drop | 1 |
| Esc | 1 |

| Dust of Appearance | 1 | 75 |
| Periapt of Vitality | 1 | 325 |
| Circlet of Nobility | 1 | 175 |
| total: | 3 | 575g |
| Wisp | 22 | 1320 | / | 0 |
| Archer | 25 | 3250 | / | 250 |
| Glaive Thrower | 8 | 1680 | / | 520 |
| Huntress | 9 | 1755 | / | 180 |
| total: | 64 | 8005g | / | 950w |
| Ancient Protector | 8 | 1080 | / | 640 |
| Ancient of War | 1 | 150 | / | 60 |
| Altar of Elders | 1 | 180 | / | 50 |
| Ancient of Wonders | 1 | 90 | / | 30 |
| Moon Well | 9 | 1620 | / | 360 |
| Hunter's Hall | 1 | 210 | / | 100 |
| Tree of Life | 1 | 340 | / | 185 |
| Tree of Ages | 1 | 320 | / | 180 |
| total: | 22 | 3670g | / | 1425w |
| 0:37 | Ancient of War |
| 0:42 | Wisp |
| 0:42 | Wisp |
| 0:42 | Wisp |
| 0:42 | Wisp |
| 0:42 | Wisp |
| 1:05 | Altar of Elders |
| 1:30 | Ancient of Wonders |
| 2:15 | Moon Well |
| 2:58 | Hunter's Hall |
| 3:09 | Archer |
| 3:09 | Archer |
| 3:09 | Archer |
| 3:32 | Moon Well |
| 4:03 | Archer |
| 4:03 | Archer |
| 4:14 | Wisp |
| 4:15 | Wisp |
| 4:31 | Glaive Thrower |
| 4:51 | Ancient Protector |
| 4:59 | Searing Arrows |
| 5:03 | Archer |
| 5:03 | Archer |
| 6:20 | Glaive Thrower |
| 6:20 | Glaive Thrower |
| 6:20 | Glaive Thrower |
| 6:21 | Glaive Thrower |
| 6:33 | Tree of Ages |
| 8:35 | Glaive Thrower |
| 8:35 | Glaive Thrower |
| 8:35 | Glaive Thrower |
| 9:47 | Archer |
| 9:47 | Archer |
| 9:47 | Archer |
| 9:47 | Archer |
| 9:47 | Archer |
| 9:52 | Huntress |
| 9:53 | Huntress |
| 9:53 | Huntress |
| 9:53 | Huntress |
| 9:53 | Huntress |
| 9:57 | Improved Bows |
| 10:06 | Moon Glaive |
| 10:36 | Wisp |
| 10:37 | Wisp |
| 10:37 | Wisp |
| 10:38 | Wisp |
| 10:38 | Wisp |
| 10:46 | Moon Well |
| 12:03 | Tree of Life |
| 12:29 | Wisp |
| 12:30 | Wisp |
| 12:30 | Wisp |
| 12:30 | Wisp |
| 12:31 | Wisp |
| 13:10 | Moon Well |
| 13:14 | Huntress |
| 13:14 | Huntress |
| 13:14 | Huntress |
| 13:14 | Huntress |
| 13:37 | Ancient Protector |
| 13:43 | Ancient Protector |
| 13:53 | Moon Well |
| 14:05 | Moon Well |
| 14:09 | Moon Well |
| 14:11 | Archer |
| 14:12 | Archer |
| 14:12 | Archer |
| 14:20 | Wisp |
| 14:20 | Wisp |
| 14:20 | Wisp |
| 14:24 | Wisp |
| 14:24 | Wisp |
| 15:13 | Archer |
| 15:14 | Archer |
| 15:43 | Moon Well |
| 15:46 | Moon Well |
| 15:54 | Ancient Protector |
| 16:48 | Periapt of Vitality |
| 17:06 | Dust of Appearance |
| 17:07 | Circlet of Nobility |
| 17:29 | Ancient Protector |
| 18:12 | Ancient Protector |
| 18:22 | Ancient Protector |
| 18:31 | Ancient Protector |
| 18:49 | Archer |
| 18:49 | Archer |
| 18:49 | Archer |
| 18:50 | Archer |
| 18:50 | Archer |
| 18:50 | Archer |
| 18:50 | Archer |
| 18:50 | Archer |
| Right click | 363 |
| Select | 184 |
| Build/train/purchase | 76 |
| Remove unit | 8 |
| Use ability | 4 |


| Scroll of Regeneration | 2 | 200 |
| Potion of Healing | 1 | 150 |
| total: | 3 | 350g |
| Peasant | 14 | 1050 | / | 0 |
| Spell Breaker | 2 | 430 | / | 60 |
| Gryphon Rider | 5 | 1400 | / | 350 |
| total: | 21 | 2880g | / | 410w |
| Scout Tower | 3 | 90 | / | 60 |
| Arcane Tower | 1 | 70 | / | 50 |
| Guard Tower | 3 | 210 | / | 150 |
| Altar of Kings | 1 | 180 | / | 50 |
| Farm | 8 | 640 | / | 160 |
| Lumber Mill | 1 | 120 | / | 0 |
| Arcane Vault | 1 | 130 | / | 30 |
| Blacksmith | 1 | 140 | / | 60 |
| Town Hall | 1 | 385 | / | 205 |
| Gryphon Aviary | 2 | 280 | / | 300 |
| Arcane Sanctum | 1 | 150 | / | 140 |
| Keep | 1 | 320 | / | 210 |
| Castle | 2 | 720 | / | 420 |
| total: | 19 | 2115g | / | 1005w |
| 0:03 | Peasant |
| 0:03 | Peasant |
| 0:06 | Peasant |
| 0:10 | Altar of Kings |
| 0:18 | Farm |
| 0:22 | Peasant |
| 0:34 | Peasant |
| 0:49 | Farm |
| 0:51 | Peasant |
| 1:07 | Lumber Mill |
| 1:21 | Scout Tower |
| 1:30 | Farm |
| 1:32 | Peasant |
| 1:35 | Peasant |
| 1:48 | Scout Tower |
| 1:51 | Arcane Tower |
| 1:54 | Peasant |
| 1:56 | Peasant |
| 2:08 | Arcane Vault |
| 2:11 | Flame Strike |
| 2:45 | Keep |
| 3:04 | Guard Tower |
| 3:07 | Scout Tower |
| 3:12 | Farm |
| 3:55 | Guard Tower |
| 4:36 | Blacksmith |
| 5:07 | Castle |
| 5:08 | Improved Lumber Harvesting |
| 5:16 | Gryphon Aviary |
| 5:21 | Arcane Sanctum |
| 6:02 | Farm |
| 6:08 | Gryphon Aviary |
| 6:19 | Iron Forged Swords |
| 6:38 | Blizzard |
| 6:48 | Farm |
| 6:49 | Farm |
| 7:05 | Siphon Mana |
| 7:09 | Spell Breaker |
| 7:09 | Spell Breaker |
| 7:28 | Storm Hammers |
| 7:30 | Advanced Lumber Harvesting |
| 8:27 | Gryphon Rider |
| 9:28 | Gryphon Rider |
| 9:31 | Scroll of Regeneration |
| 10:21 | Town Hall |
| 10:55 | Gryphon Rider |
| 11:23 | Farm |
| 11:28 | Gryphon Rider |
| 11:32 | Steel Forged Swords |
| 11:43 | Brilliance Aura |
| 11:59 | Flame Strike |
| 12:34 | Gryphon Rider |
| 12:58 | Potion of Healing |
| 13:07 | Scroll of Regeneration |
| 13:28 | Peasant |
| 13:29 | Peasant |
| 13:29 | Peasant |
| 13:30 | Peasant |
| 14:28 | Blizzard |
| 14:34 | Mithril Forged Swords |
| Right click | 561 |
| Select | 168 |
| Select group | 145 |
| Build/train/purchase | 53 |
| Misc. action | 52 |
| Assign group | 31 |
| Use ability | 9 |
| Minimap ping | 4 |
⇛